 Dungeon Crawl Stone Soup version 0.19-a0-1920-g83281cb (webtiles) character file.

48 LORDOFBUTT the Stinger (level 3, 11/16 HPs)
             Began as a Spriggan Venom Mage on Oct 24, 2016.
             Quit the game on level 3 of the Dungeon.
             The game lasted 00:04:34 (2621 turns).

LORDOFBUTT the Stinger (Spriggan Venom Mage)        Turns: 2621, Time: 00:04:35

Health: 11/16      AC:  2    Str:  4    XL:     3   Next: 50%
Magic:  8/8        EV: 19    Int: 17    God:
Gold:   76         SH:  0    Dex: 16    Spells: 1 memorised, 7 levels left

rFire  . . .     SeeInvis +     f - +0 dagger
rCold  . . .     Gourm    .     a - +0 robe
rNeg   . . .     Faith    .     (shield restricted)
rPois  .         Spirit   .     (helmet restricted)
rElec  .         Reflect  .     (no cloak)
rCorr  .         Harm     .     (gloves unavailable)
MR     .....                    (boots unavailable)
Stlth  +++.......               (no amulet)
                                (no ring)
                                (no ring)

@: very quick
A: unfitting armour, see invisible, herbivore 3, speed 3, slow metabolism 2
a: no special abilities


You were on level 3 of the Dungeon.
You were not hungry.

You visited 1 branch of the dungeon, and saw 3 of its levels.

You collected 76 gold pieces.

Inventory:

Hand Weapons
 f - a +0 dagger (weapon)
Armour
 a - a +0 robe (worn)
Scrolls
 d - a scroll of fear {unknown}
 e - 3 scrolls of remove curse
 g - a scroll of teleportation {unknown}
 h - a scroll of blinking {unknown}
 j - a scroll of enchant weapon {unknown}
 k - 2 scrolls of magic mapping {unknown}
 l - a scroll of identify {unknown}
Potions
 m - a potion of curing {unknown}
Books
 b - a Young Poisoner's Handbook

   Spells                             Type                      Level
   a - Sting                          Conjuration/Poison           1
   b - Mephitic Cloud                 Conjuration/Poison/Air       3
   c - Olgreb's Toxic Radiance        Poison                       4
   d - Alistair's Intoxication        Transmutation/Poison         5
   e - Venom Bolt                     Conjuration/Poison           5
Comestibles
 c - 4 bread rations
 i - 2 fruits


   Skills:
 + Level 0.2 Short Blades
 + Level 3.4 Dodging
 * Level 4.1 Stealth
 * Level 3.3 Spellcasting
 + Level 0.2 Conjurations
 + Level 4.3 Poison Magic


You had 7 spell levels left.
You knew the following spells:

 Your Spells              Type           Power        Failure   Level  Hunger
a - Sting                 Conj/Pois      ##..         10%         1    None


Dungeon Overview and Level Annotations

Branches:
Dungeon (3/15)

Altars:


Innate Abilities, Weirdness & Mutations

You are very small and have problems with some larger weapons.
You are too small for most types of armour.
You have supernaturally acute eyesight. (SInv)
You are a herbivore.
You cover ground extremely quickly.
You need consume almost no food.


Message History

Things that are here:
a club; a kobold corpse The bat is too close now for your liking.
You see here a quarterstaff.
A bat is nearby!
The bat closely misses you. The bat barely misses you.
A bat is nearby!
A bat is nearby!
You hit the bat.
The bat is severely wounded.
The bat misses you.
A bat is nearby!
You hit the bat.
You kill the bat!
No target in view!
No target in view!
No target in view!
You now have 76 gold pieces (gained 4).
A quokka comes into view.
Are you sure you want to abandon this character and quit the game? (Confirm with "yes".)

.# .... #.......#
# ####.#.....# #.
#....#..#..#
..#..##.##...##..#
.................#
##..##.).......#
#.......)......#
#....#†.......@#
....#....<......#
##. #.#.........#
. ...##....###.#
(.. #..#.......
(...
.............. ...
.#.............. .
#..............
###...###.#####


There were no monsters in sight!

Vanquished Creatures
  An adder (D:2)
  2 dart slugs (D:2)
  A ball python (D:1)
  A giant cockroach (D:2)
  6 goblins
  2 hobgoblins (D:1)
  2 quokkas (D:2)
  4 bats
  6 frilled lizards
  6 kobolds
  6 rats
37 creatures vanquished.

Notes
Turn   | Place    | Note
-------+----------+-------------------------------------------
     0 | D:1      | LORDOFBUTT the Spriggan Venom Mage began the quest for the Orb.
     0 | D:1      | Reached XP level 1. HP: 9/9 MP: 5/5
   535 | D:1      | Reached XP level 2. HP: 13/13 MP: 4/6
  1796 | D:2      | Reached XP level 3. HP: 16/16 MP: 3/8
  2621 | D:3      | Quit the game

Vault maps used:
D:1:      dpeg_arrival_solitude
D:2:      first_bread, minmay_misc_feat_tower
D:3:      ecumenical_altar_1, fountainhead, uniq_grinder, uniq_sigmund

Skill      XL: |  1  2  3 |
---------------+----------+-----
Spellcasting   | 3 |  3.3
Stealth        | 4 |  4.1
Short Blades   | |  0.2
Dodging        | |  3.4
Conjurations   | |  0.2
Poison Magic   | |  4.3

Action                   || total
-------------------------++-------
Melee: Unarmed           ||     7
       Dagger            ||    51
 Cast: Sting             ||    47
  Use: Scroll            ||     2
 Stab: Sleeping          ||     2
Armor: Robe              ||     6
Dodge: Dodged            ||    80
